 Dungeon Crawl Stone Soup version 0.30-a0-603-g51a0fb1b98 (webtiles) character file.

Game seed: 5855112097445770565

277 Crownlay the Digger (level 6, 0/32 HPs)
             Began as a Gargoyle Earth Elementalist on Jan 7, 2023.
             Slain by an ogre
             ... wielding a +0 giant club
              (14 damage)
             ... on level 4 of the Dungeon.
             The game lasted 00:07:03 (3226 turns).

Crownlay the Digger (Gargoyle Earth Elementalist)   Turns: 3226, Time: 00:07:03

Health: 0/32       AC:  7    Str: 11    XL:     6   Next: 25%
Magic:  9/13       EV: 11    Int: 18    God:
Gold:   293        SH:  0    Dex: 10    Spells: 2/15 levels left

rFire   . . .      SeeInvis .    h - +2 dagger (speed)
rCold   . . .      Faith    .    (no shield)
rNeg    + . .      Spirit   .    a - +0 robe
rPois   ∞          Reflect  .    (no helmet)
rElec   +          Harm     .    k - +0 cloak
rCorr   .          Rampage  .    (no gloves)
Will    .....                    (no boots)
Stlth   ++                       j - amulet of regeneration
HPRegen 1.05/turn                (no ring)
MPRegen 0.13/turn                (no ring)

@: no status effects
A: sickness immunity, AC +4, negative energy resistance 1, electricity
resistance, torment resistance 1, petrification resistance
a: no special abilities


You were on level 4 of the Dungeon.
You visited 1 branch of the dungeon, and saw 4 of its levels.
You also visited: Sewer.

You collected 293 gold pieces.

Inventory:

Hand Weapons
 h - a +2 dagger of speed (weapon)
Armour
 a - a +0 robe (worn)
 k - a +0 cloak (worn)
Jewellery
 d - an amulet of faith
 j - an amulet of regeneration (around neck)
Scrolls
 i - a scroll of poison
 l - a scroll of blinking
 n - a scroll of magic mapping
 p - a scroll of butterflies
Potions
 b - a potion of magic
 e - 2 potions of curing
 f - 3 potions of might
 g - a potion of attraction
 m - 2 potions of mutation
 o - a potion of flight {unknown}


   Skills:
 - Level 1.5 Dodging
 - Level 2.1 Stealth
 * Level 5.0 Spellcasting
 - Level 0.7 Transmutations
 + Level 5.5 Earth Magic


You had 2 spell levels left.
You knew the following spells:

 Your Spells              Type           Power      Damage    Failure   Level
a - Sandblast             Erth           48%        2d12      1%          1
b - Stone Arrow           Conj/Erth      28%        3d8       13%         3
c - Lee's Rapid Deconstr  Erth           12%        3d8*      36%         5
d - Petrify               Tmut/Erth      15%        N/A       36%         4

Your spell library contained the following spells:

 Spells                   Type           Power      Damage    Failure   Level
 Passwall                 Tmut/Erth      12%        N/A       5%          2
 Magic Dart               Conj           16%        1d3       13%         1
 Call Imp                 Summ           4%         N/A       21%         2
 Gell's Gravitas          Tloc           4%         N/A       36%         3
 Kindle Blastsparks       Fire/Tloc/Air  8%         2d10      36%         3
 Mephitic Cloud           Conj/Pois/Air  4%         N/A       36%         3
 Teleport Other           Tloc           4%         N/A       36%         3
 Fulminant Prism          Conj/Hex       2%         3d5       78%         4
 Iskenderun's Mystic Bla  Conj/Tloc      4%         2d3       78%         4
 Dispersal                Tloc           2%         N/A       100%        6


Dungeon Overview and Level Annotations

Branches:
Dungeon (4/15)              Sewer (visited)
 Temple: D:4-7

Altars:
Makhleb
Nemelex Xobeh


Innate Abilities, Weirdness & Mutations

You are immune to sickness and miasma.
Your stone body is resilient. (AC +4)
You are immune to poison.
You resist negative energy. (rN+)
You are resistant to electric shocks. (rElec)
You are resistant to unholy torment.
You are immune to petrification.


Message History

p - a scroll of butterflies Done exploring.
Done exploring.
Done exploring.
(D) Dungeon
Where to? (Enter - D:3, ? - help)
You see here a scroll of noise.
You see here a scarf of invisibility.
There is a stone staircase leading down here.
You climb downwards.
Found 5 stones.
There is a stone staircase leading up here.
A quokka is nearby!
The blast of sand hits the quokka!
You kill the quokka!
You can't see any susceptible monsters within range! (Use Z to cast anyway.) Magic restored.
Found a trident.
A hound comes into view.
The hound barks!
An ogre comes into view. It is wielding a +0 giant club.
The ogre shouts!
The blast of sand hits the hound!
The hound is heavily wounded.
The hound barely misses you. The hound bites you.
The blast of sand misses the hound.
The hound bites you but does no damage. The hound barely misses you.
The hound bites you.
The blast of sand hits the hound.
The hound is almost dead.
The hound bites you. The ogre hits you with a +0 giant club!
The hound bites you.
Casting: Sandblast (safe; 1% risk of failure)
Confirm with . or Enter, or press ? or * to list all spells.
Aiming: Sandblast (safe; 1% risk of failure)
Press: ? - help, Shift-Dir - straight line, f/p - hound
Aim: a hound (almost dead, 76% to hit)
The blast of sand hits the hound!
You kill the hound!
The ogre hits you with a +0 giant club!
You die...

##### ##...
..)#
###.######...
#<...@(......
##....O......
#######.....
..#. ... .. .


You could see an ogre.

Vanquished Creatures
  Pargi (Sewer)
  A hound (D:4)
  An orc priest (D:3)
  4 gnolls (D:3)
  2 adders (D:3)
  3 worms
  2 dart slugs
  5 orcs (D:3)
  6 ball pythons
  4 endoplasms
  4 giant cockroaches
  7 goblins
  6 hobgoblins
  6 kobolds
  5 quokkas
  10 bats
  6 frilled lizards
  5 rats
78 creatures vanquished.

Vanquished Creatures (others)
  2 fungi (D:1)
  4 toadstools (D:1)
6 creatures vanquished.

Grand Total: 84 creatures vanquished

Notes
Turn   | Place    | Note
-------+----------+-------------------------------------------
     0 | D:1      | Crownlay the Gargoyle Earth Elementalist began the quest
                  | for the Orb.
     0 | D:1      | Reached XP level 1. HP: 10/10 MP: 3/3
   196 | D:1      | Reached XP level 2. HP: 15/15 MP: 5/5
   973 | D:2      | Reached XP level 3. HP: 19/19 MP: 2/7
  1451 | D:2      | Found a sparkling altar of Nemelex Xobeh.
  1979 | D:3      | Reached XP level 4. HP: 24/24 MP: 5/9
  2077 | D:3      | Found a burning altar of Makhleb.
  2326 | D:3      | Found a glowing drain.
  2341 | Sewer    | Entered a sewer
  2375 | Sewer    | Noticed Pargi
  2384 | Sewer    | Killed Pargi
  2385 | Sewer    | Reached skill level 5 in Earth Magic
  2385 | Sewer    | Reached XP level 5. HP: 6/28 MP: 1/11
  2625 | D:3      | Reached XP level 6. HP: 21/32 MP: 9/13
  2863 | D:3      | Learned a level 3 spell: Stone Arrow
  2869 | D:3      | Learned a level 5 spell: Lee's Rapid Deconstruction
  2874 | D:3      | Learned a level 4 spell: Petrify
  3085 | D:3      | Reached skill level 5 in Spellcasting
  3226 | D:4      | Slain by an ogre

Illustrated notes

Levels and vault maps discovered:
D:1:      lightli_arrival_windingriver, layout_basic, minmay_gold_behind_fungi,
          moated_statue
D:2:      kennysheep_big_flooded_room, layout_basic, basic_altar
D:3:      layout_basic, bloody_makhleb, cheibrodos_sewer_entry_sluice
D:4:      layout_rooms, marbit_many_paths, minmay_temple_entry_tees,
          serial_shops, kennysheep_mini_moat, grunt_decor_cap

Skill      XL: |  1  2  3  4  5  6 |
---------------+-------------------+-----
Earth Magic    | 4 5 |  5.5
Spellcasting   | 3 4 5 |  5.0
Dodging        | |  1.5
Stealth        | |  2.1
Transmutations | |  0.7

Action                   |  1- 3 |  4- 6 || total
-------------------------+-------+-------++-------
Melee: Dagger            |    14 |     2 ||    16
 Cast: Sandblast         |    60 |    64 ||   124
  Use: Scroll            |     4 |     6 ||    10
       Potion            |       |     1 ||     1
 Stab: Sleeping          |     1 |       ||     1
Armor: Robe              |    11 |    25 ||    36
Dodge: Dodged            |    17 |    39 ||    56

Table legend: (Time is in decaauts)
 A = Elapsed time spent in this place.
 B = Non-inter-level travel time spent in this place.
 C = Inter-level travel time spent in this place.
 D = Time resting spent in this place.
 E = Time spent auto-exploring this place.
 F = Levels seen in this place.
 G = Mean time per level.
                   A        B        C        D        E       F      G
               +--------+--------+--------+--------+--------+-----+--------+
         Total |   3269 |   3198 |     71 |     76 |   2429 |   5 |  653.8 |
       Dungeon |   2981 |   2910 |     71 |      0 |   2266 |   4 |  745.2 |
         Sewer |    287 |    287 |      0 |     76 |    163 |   1 |  287.0 |
               +--------+--------+--------+--------+--------+-----+--------+

Top non-repeatable levels by time:
     D:2: 1074 daAuts
     D:3: 959 daAuts
     D:1: 930 daAuts
   Sewer: 287 daAuts
     D:4: 17 daAuts
